 Dungeon Crawl Stone Soup version 0.21.1-1-g345015f (webtiles) character file.

72 grindst0ne the Grave Robber (level 4, -3/24 HPs)
             Began as a Deep Elf Necromancer on Feb 24, 2018.
             Asphyxiated
             ... on level 3 of the Dungeon.
             The game lasted 00:06:04 (2545 turns).

grindst0ne the Grave Robber (Deep Elf Necromancer)  Turns: 2545, Time: 00:06:05

Health: -3/24      AC:  2    Str:  2 (5)  XL:     4   Next: 7%
Magic:  5/12       EV: 12    Int: 25 (26) God:
Gold:   84         SH:  0    Dex: 12 (15) Spells: 4/12 levels left

rFire    . . .     SeeInvis +   g - +0 club
rCold    . . .     Gourm    .   (no shield)
rNeg     . . .     Faith    .   a - +0 robe
rPois    .         Spirit   .   (no helmet)
rElec    .         Reflect  .   (no cloak)
rCorr    .         Harm     .   (no gloves)
MR       .....                  (no boots)
Stlth    ++........             (no amulet)
HPRegen  0.08/turn              p - +5 ring of intelligence
MPRegen  0.13/turn              r - ring of see invisible

@: lethally poisoned (-3 -> -45), very slightly contaminated, slowed, very slow
A: no striking features
a: no special abilities


You were on level 3 of the Dungeon.
You were not hungry.

You visited 1 branch of the dungeon, and saw 3 of its levels.

You collected 84 gold pieces.

Inventory:

Hand Weapons
 g - a +0 club (weapon)
Armour
 a - a +0 robe (worn)
 h - a +0 buckler of protection
Jewellery
 p - a +5 ring of intelligence (left hand)
 r - a ring of see invisible (right hand)
Scrolls
 e - 2 scrolls of enchant armour {unknown}
 f - 2 scrolls of amnesia {unknown}
 j - 5 scrolls of identify {unknown}
 k - a scroll of fear {unknown}
 l - 3 scrolls of immolation {unknown}
 n - a scroll of teleportation {unknown}
 o - 2 scrolls of remove curse {unknown}
 q - a scroll of random uselessness {unknown}
 t - a scroll of enchant weapon {unknown}
Potions
 d - a potion of magic {unknown}
 i - a potion of degeneration
 m - 2 potions of curing
Books
 b - a book of Necromancy

   Spells                             Type                      Level
   a - Pain                           Necromancy                   1
   b - Animate Skeleton               Necromancy                   1
   c - Vampiric Draining              Necromancy                   3
   d - Regeneration                   Charms/Necromancy            3
   e - Animate Dead                   Necromancy                   4
   f - Borgnjor's Vile Clutch         Necromancy/Earth             5
Comestibles
 c - 4 rations
 s - 9 chunks of flesh


   Skills:
 - Level 2.4 Dodging
 - Level 2.4 Stealth
 + Level 4.7 Spellcasting
 + Level 5.9 Necromancy


You had 4 spell levels left.
You knew the following spells:

 Your Spells              Type           Power        Failure   Level  Hunger
a - Pain                  Necr           ####         1%          1    None
b - Animate Skeleton      Necr           N/A          1%          1    None
c - Vampiric Draining     Necr           #####.....   2%          3    ##.....
d - Regeneration          Chrm/Necr      ###.......   8%          3    ##.....


Dungeon Overview and Level Annotations

Branches:
Dungeon (3/15)

Altars:
Hepliaklqana
Okawaru
Wu Jian

Annotations:
D:3 Quirk's ghost, amateur GnFi


Message History

The kobold shoots a curare-tipped needle.
The curare-tipped needle hits you.
You are poisoned.
You have difficulty breathing.
You feel as though you will be slow longer.
It was a potion of degeneration.
There was something very wrong with that liquid.
You feel weakened.
You feel dopey.
You feel clumsy.
You feel sick.
The kobold shoots a curare-tipped needle.
The curare-tipped needle hits you.
You are more poisoned.
You have difficulty breathing.
* * * LOW HITPOINT WARNING * * *
You feel as though you will be slow longer.
The kobold shoots a curare-tipped needle.
The curare-tipped needle hits you.
You are more poisoned.
You have difficulty breathing.
You die...

#.#.##.# #...# #..
#####...##.# #.w÷# ###
..........#.# #...#
......#.#.#.#####...#####
#..#.###..........(...)..
##..# ##................
#.. ##..##........[....
#..#..#...#####.#....####
........@.# #.#....#
#######)## #.#.[..# #.#
.....# #K# .#....# #g#
.......# .W. ## ####.#
..# .# ...


You could see Quirk's ghost, a hobgoblin and a kobold.

Vanquished Creatures
  2 adders (D:2)
  An ooze (D:2)
  2 worms
  2 dart slugs
  An orc (D:3)
  A giant cockroach (D:1)
  5 hobgoblins
  2 quokkas (D:2)
  A ball python (D:2)
  8 bats
  3 frilled lizards
  7 goblins
  5 kobolds
  A rat (D:1)
41 creatures vanquished.

Notes
Turn   | Place    | Note
-------+----------+-------------------------------------------
     0 | D:1      | grindst0ne the Deep Elf Necromancer began the quest for the Orb.
     0 | D:1      | Reached XP level 1. HP: 10/10 MP: 6/6
   204 | D:1      | Reached skill level 5 in Necromancy
   350 | D:1      | Reached XP level 2. HP: 15/15 MP: 6/8
   729 | D:2      | Learned a level 1 spell: Animate Skeleton
   750 | D:2      | Reached XP level 3. HP: 7/19 MP: 2/10
  1744 | D:2      | Found a hazy altar of Hepliaklqana.
  1916 | D:2      | Learned a level 3 spell: Vampiric Draining
  1920 | D:2      | Learned a level 3 spell: Regeneration
  2072 | D:2      | Found an iron altar of Okawaru.
  2072 | D:2      | Found an ornate altar of the Wu Jian Council.
  2459 | D:3      | Reached XP level 4. HP: 21/24 MP: 0/12
  2541 | D:3      | Noticed Quirk's ghost (amateur GnFi)
  2545 | D:3      | Asphyxiated

Skill      XL: |  1  2 |
---------------+-------+-----
Necromancy     | 5 |  5.9
Spellcasting   | 4 |  4.7
Dodging        | |  2.4
Stealth        | |  2.4

Action                   |  1- 3 |  4- 6 || total
-------------------------+-------+-------++-------
Melee: Club              |    14 |       ||    14
 Cast: Pain              |    62 |     4 ||    66
       Animate Skeleton  |     7 |       ||     7
       Regeneration      |     2 |       ||     2
  Use: Potion            |       |     2 ||     2
 Stab: Sleeping          |     1 |       ||     1
  Eat: Chunk             |     4 |     1 ||     5
Armor: Robe              |     9 |       ||     9
Dodge: Dodged            |    30 |     1 ||    31
